 Dungeon Crawl Stone Soup version 0.27-a0-1591-gc56fcc985a (webtiles) character file.

Game seed: 13071106333894111351

163 flotson the Sneak (level 5, -4/42 HPs)
             Began as a Demonspawn Delver on July 19, 2021.
             Slain by Grinder (5 damage)
             ... while paralysed by Grinder
             ... on level 3 of the Dungeon.
             The game lasted 00:04:13 (3151 turns).

flotson the Sneak (Demonspawn Delver)               Turns: 3151, Time: 00:04:14

Health: -4/42      AC:  5    Str: 13    XL:     5   Next: 20%
Magic:  5/5        EV:  2    Int: 12    God:
Gold:   133        SH:  0    Dex: 14    Spells: 4/4 levels left

rFire    + . .     SeeInvis .   a - +0 war axe (vorpal)
rCold    + . .     Faith    .   (no shield)
rNeg     . . .     Spirit   .   o - +0 ring mail
rPois    +         Reflect  .   (no helmet)
rElec    +         Harm     .   (no cloak)
rCorr    +         Rampage  .   (no gloves)
Will     .....                  (no boots)
Stlth    ++........             (no amulet)
HPRegen  0.14/turn              (no ring)
MPRegen  0.18/turn              (no ring)

@: paralysed, resistant
A: claws 1, ignite blood 1, magic regeneration
a: no special abilities


You were on level 3 of the Dungeon.
You visited 1 branch of the dungeon, and saw 5 of its levels.

You collected 133 gold pieces.

Inventory:

Hand Weapons
 a - a +0 vorpal war axe (weapon)
 b - a +0 trident
Missiles
 n - 2 javelins (quivered)
 p - 7 boomerangs
Armour
 o - a +0 ring mail (worn)
Wands
 g - a wand of digging (3)
Scrolls
 c - a scroll of fog
 e - a scroll of fear
 f - 2 scrolls of teleportation {unknown}
 j - a scroll of magic mapping
 k - a scroll of brand weapon {unknown}
 m - 3 scrolls of identify {unknown}
 q - a scroll of immolation {unknown}
 r - a scroll of amnesia {unknown}
Potions
 d - a potion of ambrosia {unknown}
 h - 2 potions of resistance
 i - a potion of curing {unknown}
 l - 2 potions of mutation {unknown}
 s - a potion of might {unknown}


   Skills:
 + Level 3.8 Fighting
 + Level 2.8 Axes
 + Level 0.3 Throwing
 + Level 1.9 Armour
 + Level 2.8 Dodging
 - Level 4.5 Stealth
 + Level 0.6 Evocations


You had 4 spell levels left.
You didn't know any spells.
Your spell library contained the following spells:

 Spells                   Type           Power      Damage    Failure   Level
 Passwall                 Tmut/Erth      0%         N/A       71%         2
 Call Canine Familiar     Summ           0%         N/A       91%         3
 Portal Projectile        Hex/Tloc       0%         N/A       91%         3
 Swiftness                Air            0%         N/A       91%         3
 Leda's Liquefaction      Hex/Erth       0%         N/A       100%        4
 Invisibility             Hex            0%         N/A       100%        6


Dungeon Overview and Level Annotations

Branches:
Dungeon (5/15)
 Temple: D:4-7

Altars:
Dithmenos

Annotations:
D:3 Grinder


Innate Abilities, Weirdness & Mutations

You have sharp fingernails.
Your demonic aura sometimes causes spilled blood to erupt in flames.
You regenerate magic rapidly.


Message History

You hit Grinder.
Grinder is lightly wounded.
Grinder says, "My boss said I was rubbish.
His entrails said otherwise."
Grinder barely misses you. Grinder closely misses you.
You barely miss Grinder.
Grinder is lightly wounded.
Grinder hits you.
You writhe in agony.
You hit Grinder.
Grinder is moderately wounded.
Grinder hits you.
You writhe in agony.
You closely miss Grinder.
Grinder is moderately wounded.
Grinder completely misses you. Grinder hits you.
You closely miss Grinder.
Grinder is moderately wounded.
Grinder closely misses you.
You slash Grinder!
Grinder is heavily wounded.
Grinder hits you.
You writhe in agony.
Grinder hits you!
* * * LOW HITPOINT WARNING * * *
You writhe in agony.
* * * LOW HITPOINT WARNING * * *
You are too injured to fight recklessly!
You are too injured to fight recklessly!
You are too injured to fight recklessly!
You are too injured to fight recklessly!
You are too injured to fight recklessly!
Okay, then.
Unknown command.
It was a potion of resistance.
You feel protected. Grinder gestures at you.
You suddenly lose the ability to move!
Grinder hits you.
* * * LOW HITPOINT WARNING * * *
You writhe in agony.
* * * LOW HITPOINT WARNING * * *
Grinder hits you but does no damage. Grinder hits you.
You die...

# ..... ##.# .. .._.. .#
<..# . #.. .# .. ####
.#..# #..# .# ###
...##.##.. .#
##.###.........#.## #
###...##..##.##.#...#.##
...............5@......+
###...##.###.####...####
##.###.# #.....#
##.###.# #.#...#
#......# #.#####
###..##### #.#
.....##### #.#
##......... #.#### #
#..####### ###.##.##
##.###


You could see Grinder.

Vanquished Creatures
  Jessica (D:2)
  A gnoll (D:1)
  3 adders
  A worm (D:2)
  2 dart slugs
  7 orcs (D:3)
  5 ball pythons
  3 endoplasms
  4 giant cockroaches
  12 goblins
  7 hobgoblins
  10 jackals
  8 kobolds
  3 quokkas
  4 bats
  5 frilled lizards
  4 rats
80 creatures vanquished.

Notes
Turn   | Place    | Note
-------+----------+-------------------------------------------
     0 | D:5      | flotson the Demonspawn Delver began the quest for the Orb.
     0 | D:5      | Reached XP level 1. HP: 18/18 MP: 1/1
     0 | D:5      | Noticed an orc wizard
    18 | D:5      | Noticed an orc priest
    28 | D:5      | Noticed a howler monkey
    32 | D:5      | Noticed a necrophage
    34 | D:5      | Noticed a jelly
   131 | D:5      | Noticed an ice beast
   579 | D:4      | Noticed a kobold brigand
   625 | D:3      | Gained mutation: Your demonic aura sometimes causes spilled
                  | blood to erupt in flames. [demonic ancestry]
   625 | D:3      | Reached XP level 2. HP: 22/24 MP: 2/2
   784 | D:3      | Found a shadowy altar of Dithmenos.
   785 | D:3      | Noticed Grinder
   913 | D:2      | Reached skill level 1 in Armour
   913 | D:2      | Reached XP level 3. HP: 29/29 MP: 3/3
  1012 | D:2      | Noticed Jessica
  1020 | D:2      | Killed Jessica
  1155 | D:2      | Gained mutation: You regenerate magic rapidly. [demonic
                  | ancestry]
  1155 | D:2      | Reached XP level 4. HP: 23/35 MP: 4/4
  2600 | D:2      | Gained mutation: You have sharp fingernails. [demonic
                  | ancestry]
  2600 | D:2      | Reached XP level 5. HP: 42/42 MP: 5/5
  2709 | D:2      | Found a faded altar of an unknown god.
  3148 | D:3      | Paralysed by Grinder for 5 turns
  3149 | D:3      | HP: 1/42 [Grinder (4)]
  3151 | D:3      | Slain by Grinder

Illustrated notes

Levels and vault maps discovered:
D:1:      eino_arrival_water_cross, layout_loops_ring
D:2:      layout_rooms, dreamdust_ecumenical_altar_grove, minmay_misc_feat_x,
          uniq_jessica
D:3:      layout_loops_corners, mainiacjoe_overflow_small_starburst,
          uniq_grinder
D:4:      layout_loops_ring, minmay_fractal_squares_diagonal_5
D:5:      layout_gridville, serial_park_tiny_1, minmay_fractal_squares_5,
          uniq_menkaure

Skill      XL: |  1  2 |
---------------+-------+-----
Axes           | 2 |  2.8
Dodging        | 2 |  2.8
Armour         | 1 |  1.9
Fighting       | |  3.8
Throwing       | |  0.3
Stealth        | |  4.5
Evocations     | |  0.6

Action                   |  1- 3 |  4- 6 || total
-------------------------+-------+-------++-------
Melee: Hand axe          |    14 |       ||    14
       War axe           |    35 |   148 ||   183
  Use: Potion            |     1 |     1 ||     2
       Scroll            |     1 |       ||     1
 Stab: Sleeping          |     8 |     6 ||    14
Armor: Leather armour    |     7 |     8 ||    15
       Ring mail         |       |    46 ||    46
Dodge: Dodged            |    37 |   101 ||   138

Table legend: (Time is in decaauts)
 A = Elapsed time spent in this place.
 B = Non-inter-level travel time spent in this place.
 C = Inter-level travel time spent in this place.
 D = Time resting spent in this place.
 E = Time spent auto-exploring this place.
 F = Levels seen in this place.
 G = Mean time per level.
                   A        B        C        D        E       F      G
               +--------+--------+--------+--------+--------+-----+--------+
         Total |   3209 |   3164 |     45 |    415 |   2014 |   5 |  641.8 |
       Dungeon |   3209 |   3164 |     45 |    415 |   2014 |   5 |  641.8 |
               +--------+--------+--------+--------+--------+-----+--------+

Top non-repeatable levels by time:
     D:1: 975 daAuts
     D:2: 926 daAuts
     D:3: 717 daAuts
     D:4: 447 daAuts
     D:5: 142 daAuts
